 Dungeon Crawl Stone Soup version 0.17.2-1-ge4368a0 (webtiles) character file.

669 Goblin1989 the Ruffian (level 7, -14/52 HPs)
             Began as a Red Draconian Transmuter on Sept 27, 2016.
             Was an Initiate of Cheibriados.
             Demolished by jazmu's ghost (19 damage)
             ... on level 6 of the Dungeon.
             The game lasted 00:21:11 (4605 turns).

Goblin1989 the Ruffian (Red Draconian Transmuter)   Turns: 4605, Time: 00:21:11

Health: -14/52     AC:  6    Str: 14    XL:     7   Next: 32%
Magic:  8/11       EV:  7    Int: 16    God:    Cheibriados [......]
Gold:   170        SH:  0    Dex: 16    Spells: 3 memorised, 4 levels left

rFire  + . .     SeeInvis +       - Unarmed
rCold  . . .     Clarity  .     (armour unavailable)
rNeg   . . .     SustAt   .     (no shield)
rPois  .         Gourm    .     (helmet restricted)
rElec  .         Spirit   .     (no cloak)
rCorr  .         Warding  .     (no gloves)
rMut   .         Stasis   .     (no boots)
MR     .....                    (no amulet)
Stlth  +.........               u - +4 ring of dexterity (curse)
                                s - ring of see invisible

@: glowing, very slow, not resistant to hostile enchantments, very unstealthy
A: breathe fire, unfitting armour, fire resistance 1, cold-blooded, AC +6
a: Breathe Fire, Bend Time, Renounce Religion


You were on level 6 of the Dungeon.
You worshipped Cheibriados.
Cheibriados was noncommittal.
You were hungry.

You visited 2 branches of the dungeon, and saw 7 of its levels.

You collected 170 gold pieces.

Inventory:

Missiles
 a - 42 arrows
Jewellery
 k - an uncursed ring of fire
 l - a +3 ring of intelligence
 s - a ring of see invisible (left hand)
 u - a cursed +4 ring of dexterity (right hand)
Wands
 B - a wand of polymorph (10)
Scrolls
 b - a scroll of immolation {unknown}
 d - 3 scrolls of remove curse {unknown}
 e - 4 scrolls of identify {unknown}
 f - 3 scrolls of blinking {unknown}
 n - 2 scrolls of enchant armour {unknown}
 q - a scroll of teleportation {unknown}
 r - a scroll of enchant weapon {unknown}
 w - a scroll of magic mapping {unknown}
 x - a scroll of random uselessness {unknown}
 C - a scroll of acquirement {unknown}
 D - a scroll of noise {unknown}
Potions
 h - a potion of might {unknown}
 i - 2 potions of heal wounds {unknown}
 m - a potion of resistance {unknown}
 p - a potion of poison {unknown}
 t - a potion of beneficial mutation {unknown}
 v - a potion of ambrosia {unknown}
 y - a potion of brilliance {unknown}
 z - a potion of curing {unknown}
Comestibles
 c - 2 bread rations
 g - 4 fruits
 o - 2 royal jellies
 A - a beef jerky


   Skills:
 - Level 1.1 Fighting
 - Level 1.7 Dodging
 + Level 6.7 Unarmed Combat
 + Level 2.9 Spellcasting
 * Level 3.7 Transmutations
 * Level 2.5 Ice Magic


You had 4 spell levels left.
You knew the following spells:

 Your Spells              Type           Power        Failure   Level  Hunger
a - Beastly Appendage     Trmt           ##....       6%          1    #......
b - Sticks to Snakes      Trmt           ##........   10%         2    ##.....
c - Ice Form              Ice/Trmt       ##......     63%         4    #####..


Dungeon Overview and Level Annotations

Branches:
Dungeon (6/15)             Temple (1/1) D:5

Altars:
Cheibriados
Dithmenos
Elyvilon
Fedhas
Nemelex Xobeh
Qazlal
Ru
The Shining One

Annotations:
D:4 jazmu's ghost, amateur GrAM
D:6 Duvessa; jazmu's ghost, novice GrAM


Innate Abilities, Weirdness & Mutations

You can breathe blasts of fire.
Your fiery red scales are hard (AC +6).
Your body does not fit into most forms of armour.
Your flesh is heat resistant.
You are cold-blooded and may be slowed by cold attacks.


Message History

Your ball python barely misses jazmu's ghost.
Jazmu's ghost closely misses you.
Your ball python bites jazmu's ghost but does no damage.
Your ball python barely misses jazmu's ghost.
Your ball python barely misses jazmu's ghost.
Jazmu's ghost closely misses you.
Your ball python bites jazmu's ghost but does no damage.
Your ball python bites jazmu's ghost but does no damage.
Something misses jazmu's ghost.
Your talons disappear.
Jazmu's ghost whispers, "Everlasting silence awaits you..."
Jazmu's ghost mumbles, "They all look like pillowcases to me..."
Jazmu's ghost hits you.
* * * LOW HITPOINT WARNING * * *
There is a stone staircase leading up here.
Your ball python bites jazmu's ghost but does no damage. x2
Jazmu's ghost hits you!
* * * LOW HITPOINT WARNING * * *
You are electrocuted!
You die... ਜਜਜਜ

...ਜ ਜ..
ਜ.ਜਜਜਜਜਜਜਜ
ਜਜਜਜਜਜ........ਜਜਜਜ
.................ਜ
ਜਜ.....W@......ਜ
ਜਜਜਜਜ...S........ਜ
.......Sਜਜਜ...ਜਜਜਜ
........ਜਜਜਜਜਜਜਜ
ਜ.ਜ....SS......ਜ .
ਜਜਜਜ.ਜ.....).ਜ
.............ਜ
.ਜਜਜਜਜ.......ਜ
ਜ.......ਜ


You could see jazmu's ghost and 2 friendly ball pythons.

Vanquished Creatures
  A sky beast (D:5)
  A giant frog (D:6)
  2 scorpions
  A crimson imp (D:5)
  A quasit (D:5)
  A giant frog zombie (D:5)
  A jelly (D:5)
  2 orc wizards (D:5)
  2 adders
  4 gnolls
  An ooze (D:2)
  An adder zombie (D:5)
  5 worms
  4 giant geckos
  8 orcs
  6 bats
  7 giant cockroaches
  7 hobgoblins
  3 jackals (D:3)
  3 quokkas
  A ball python (D:1)
  A giant newt (D:1)
  8 goblins
  13 kobolds
  A quokka skeleton (D:4)
  2 rats (D:2)
87 creatures vanquished.

Vanquished Creatures (collateral kills)
  A phantom (D:4)
  A goblin (D:3)
2 creatures vanquished.

Grand Total: 89 creatures vanquished

Notes
Turn   | Place    | Note
--------------------------------------------------------------
     0 | D:1      | Goblin1989 the Draconian Transmuter began the quest for the Orb.
     0 | D:1      | Reached XP level 1. HP: 16/16 MP: 3/3
   242 | D:1      | Reached XP level 2. HP: 18/23 MP: 5/5
   422 | D:1      | Reached skill level 4 in Unarmed Combat
   614 | D:1      | Reached XP level 3. HP: 25/28 MP: 6/6
  1192 | D:2      | Reached skill level 5 in Unarmed Combat
  1192 | D:2      | Reached XP level 4. HP: 6/35 MP: 5/7
  1463 | D:2      | Found a blossoming altar of Fedhas.
  2187 | D:3      | Learned a level 2 spell: Sticks to Snakes
  2192 | D:3      | Learned a level 4 spell: Ice Form
  2409 | D:3      | Reached XP level 5. HP: 37/40 MP: 8/8
  2425 | D:3      | Found a sparkling altar of Nemelex Xobeh.
  2425 | D:3      | Noticed an orc warrior
  2628 | D:4      | Noticed jazmu's ghost (amateur GrAM)
  2727 | D:4      | Noticed a phantom
  2786 | D:4      | Killed a phantom
  2786 | D:4      | Reached skill level 6 in Unarmed Combat
  3062 | D:5      | Entered Level 5 of the Dungeon
  3102 | D:5      | Reached skill level 1 in Ice Magic
  3102 | D:5      | Reached XP level 6. HP: 45/47 MP: 9/9
  3238 | D:5      | Found a staircase to the Ecumenical Temple.
  3238 | D:5      | Noticed a sky beast
  3260 | D:5      | Killed a sky beast
  3272 | Temple   | Entered the Ecumenical Temple
  3278 | Temple   | Became a worshipper of Cheibriados the Contemplative
  3532 | D:5      | Found a sacrificial altar of Ru.
  4144 | D:5      | Your scales start taking on a fiery red colour.
  4144 | D:5      | Gained mutation: Your flesh is heat resistant. [Red Draconian growth]
  4144 | D:5      | Reached XP level 7. HP: 46/52 MP: 8/10
  4409 | D:6      | Noticed Duvessa
  4584 | D:6      | Noticed jazmu's ghost (novice GrAM)
  4605 | D:6      | Demolished by jazmu's ghost

Action                   |  1- 3 |  4- 6 |  7- 9 || total
-------------------------+-------+-------+-------++-------
Melee: Unarmed           |   142 |   233 |    39 ||   414
 Cast: Beastly Appendage |     3 |    13 |     3 ||    19
       Sticks to Snakes  |       |     7 |     2 ||     9
 Abil: Breathe Fire      |       |       |     1 ||     1
  Use: Potion            |       |     1 |       ||     1
 Stab: Sleeping          |       |     1 |       ||     1
  Eat: Chunk             |     1 |     5 |       ||     6
       Royal jelly       |       |     1 |       ||     1
       Meat ration       |       |     1 |       ||     1

Vault maps used:
D:1:      shiori_arrival_maze, item_on_display_a
D:2:      minmay_misc_feat_rows, fedhas_altar_3
D:3:      old_standard_altar, first_bread
D:5:      kennysheep_little_box, minmay_temple_entry_large_hall
D:6:      lemuel_slime, uniq_duvessa, uniq_crazy_yiuf_cottage, uniq_pikel
Temple:   triangle_lava_temple_12
